 Dungeon Crawl Stone Soup version 0.30.0-15-g856e2d3f33 (webtiles) character file.

Game seed: 10981889621889733274

802 domi the Cudgeller (level 7, -5/63 HPs)
             Began as a Minotaur Fighter on May 19, 2023.
             Slain by a gnoll
             ... wielding a +0 halberd
              (6 damage)
             ... on level 4 of the Dungeon.
             The game lasted 00:02:46 (2739 turns).

domi the Cudgeller (Minotaur Fighter)               Turns: 2739, Time: 00:02:47

Health: -5/63      AC: 10    Str: 22    XL:     7   Next: 59%
Magic:  6/6        EV:  8    Int:  5    God:
Gold:   146        SH:  4    Dex: 10    Spells: 6/6 levels left

rFire   . . .        d - +2 flail (drain)
rCold   . . .        c - +0 buckler
rNeg    . . .        g - +0 chain mail
rPois   .            (helmet restricted)
rElec   .            (no cloak)
rCorr   .            (no gloves)
SInv    .            (no boots)
Will    .....        (no amulet) Stlth
                     (no ring)
HPRegen 0.30/turn    (no ring)
MPRegen 0.10/turn

%: no passive effects
@: lethally poisoned (-5 -> -17)
A: horns 2, retaliatory headbutt
a: no special abilities


You were on level 4 of the Dungeon.
You visited 1 branch of the dungeon, and saw 4 of its levels.

You collected 146 gold pieces.

Inventory:

Hand Weapons
 a - a +0 flail
 d - a +2 flail of draining (weapon)
   (You took it off a gnoll on level 2 of the Dungeon)
Missiles
 n - 2 throwing nets {=f, !d=f}
Armour
 c - a +0 buckler (worn)
 g - a +0 chain mail (worn)
   (You found it on level 1 of the Dungeon)
Wands
 m - a wand of charming (13)
   (You found it on level 3 of the Dungeon)
 q - a wand of flame (16)
   (You took it off Ijyb on level 4 of the Dungeon)
Scrolls
 b - a scroll of vulnerability {unknown}
 f - 2 scrolls of identify {unknown}
 i - 4 scrolls of teleportation {unknown}
 k - a scroll of silence {unknown}
 p - a scroll of poison {unknown}
 r - a scroll of fear {unknown}
Potions
 e - 2 potions of brilliance {unknown}
 h - 2 potions of invisibility {unknown}
 j - a potion of might
 l - 2 potions of heal wounds {unknown}
 o - a potion of berserk rage {unknown}


   Skills:
 + Level 6.2 Fighting
 * Level 7.5 Maces & Flails
 + Level 6.2 Armour
 - Level 4.0 Shields


You had 6 spell levels left.
You didn't know any spells.
Your spell library contained the following spells:

 Spells                   Type           Power      Damage    Failure   Level
 Apportation              Tloc           0%         N/A       98%         1
 Ensorcelled Hibernation  Hex/Ice        0%         N/A       99%         2
 Spider Form              Tmut/Pois      0%         N/A       100%        3
 Anguish                  Hex/Necr       0%         N/A       100%        4
 Alistair's Intoxication  Tmut/Pois      0%         N/A       100%        5


Dungeon Overview and Level Annotations

Branches:
Dungeon (4/15)
 Temple: D:4-7

Altars:
Uskayaw

Shops:
D:1 (


Innate Abilities, Weirdness & Mutations

You have a pair of horns on your head.
You reflexively headbutt those who attack you in melee.


Message History

There are monsters nearby!
There are monsters nearby!
You thump the ball python!
You kill the ball python!
A gnoll is nearby!
You see here a ball python corpse.
You hit the gnoll. Your headbutt misses the gnoll. The gnoll barely misses you.
You hit the gnoll.
You headbutt the gnoll, but do no damage.
A gnoll comes into view. It is wielding a +0 flail.
A gnoll comes into view. It is wielding a +1 whip of venom.
The gnoll hits you with a +2 flail of protection.
The gnoll shouts!
You hit the gnoll. The gnoll hits you but does no damage.
Unknown command.
You sock the gnoll!
You kill the gnoll!
A gnoll comes into view. It is wielding a +0 halberd.
A hobgoblin comes into view.
Things that are here:
a +2 flail of protection; a scroll labelled YLEXUL OPAA; a gnoll corpse You completely miss the gnoll.
The gnoll barely misses you.
You hit the gnoll. You drain the gnoll. You barely miss the gnoll.
You headbutt the gnoll.
The hobgoblin hits you but does no damage.
The gnoll completely misses you. The gnoll hits you with a +0 flail.
You completely miss the gnoll. The gnoll closely misses you.
The gnoll completely misses you. The gnoll hits you but does no damage.
The hobgoblin hits you but does no damage.
You sock the gnoll!
The gnoll hits you from afar with a +0 halberd!
The gnoll hits you but does no damage.
You are poisoned.
The hobgoblin hits you but does no damage.
The gnoll attacks as you move away! The gnoll hits you with a +0 flail.
You feel sick. The gnoll barely misses you.
You see here a ball python corpse.
The hobgoblin attacks as you move away!
The hobgoblin hits you but does no damage.
You feel sick. The gnoll hits you but does no damage.
You are more poisoned.
You feel very sick. The gnoll attacks as you move away!
The gnoll barely misses you. You furiously retaliate!
You headbutt the gnoll.
You feel very sick. The gnoll attacks as you move away!
The gnoll hits you with a +0 flail.
You feel very sick.
You feel sick.
You feel sick.
You feel sick.
You feel sick.
You sock the gnoll!
You kill the gnoll!
You feel sick.
You hit the hobgoblin but do no damage.
You feel sick. The gnoll closely misses you.
The hobgoblin hits you but does no damage.
You hit the hobgoblin but do no damage. You drain the hobgoblin.
You headbutt the hobgoblin, but do no damage.
You feel sick.
You are no longer poisoned.
The gnoll hits you from afar with a +0 halberd.
The hobgoblin hits you but does no damage.
The hobgoblin attacks as you move away! The hobgoblin completely misses you.
You sock the hobgoblin!
You kill the hobgoblin!
Things that are here:
a +0 club; a +0 leather armour
Things that are here:
a +0 dagger; a +0 robe You see here a hobgoblin corpse.
You start resting.
A gnoll is nearby!
You see here a hobgoblin corpse.
The gnoll hits you but does no damage.
You are poisoned.
The gnoll hits you with a +0 halberd.
Things that are here:
a +0 dagger; a +0 robe You closely miss the gnoll.
Your headbutt misses the gnoll.
You feel very sick. You block the gnoll's attack.
The gnoll hits you but does no damage.
You are more poisoned.
You sock the gnoll! Your headbutt misses the gnoll.
You feel very sick.
The gnoll hits you with a +1 whip of venom.
* * * LOW HITPOINT WARNING * * *
You are lethally poisoned!
You block the gnoll's attack. The gnoll attacks as you move away!
The gnoll hits you with a +1 whip of venom.
* * * LOW HITPOINT WARNING * * *
x2 You feel very sick.
The gnoll hits you with a +0 halberd.
* * * LOW HITPOINT WARNING * * *
You see here a hobgoblin corpse.
* * * LOW HITPOINT WARNING * * *
You feel very sick.
The gnoll hits you from afar with a +0 halberd.
You die...

# #.....g....#
#........#)##
##########..## ###
##..# .# ..#
##.#####..# #<#
#.......### #)#######
##)).......
...........#
####)########
...........# #.@gg# #
...........#
#.####....
......>....####......#
................######
...........####.#
...........#....#
...........>.####
..............#
..##.....######


You could see 2 gnolls.

Vanquished Creatures
  Pikel (D:4)
  A scorpion (D:3)
  An orc priest (D:4)
  Ijyb (D:4)
  2 orc wizards (D:4)
  10 gnolls
  3 adders
  A worm (D:2)
  7 orcs
  7 endoplasms
  2 giant cockroaches
  5 goblins
  11 hobgoblins
  3 quokkas
  7 ball pythons
  5 bats
  A frilled lizard (D:1)
  11 kobolds
  6 rats
85 creatures vanquished.

Notes
Turn   | Place    | Note
-------+----------+-------------------------------------------
     0 | D:1      | domi the Minotaur Fighter began the quest for the Orb.
     0 | D:1      | Reached XP level 1. HP: 19/19 MP: 0/0
   127 | D:1      | Reached XP level 2. HP: 27/27 MP: 1/1
   252 | D:1      | Found Dyohishre's Antique Weapon Emporium.
   261 | D:1      | Reached skill level 3 in Maces & Flails
   536 | D:1      | Reached skill level 4 in Fighting
   536 | D:1      | Reached XP level 3. HP: 33/33 MP: 2/2
   617 | D:1      | Reached skill level 4 in Armour
   617 | D:1      | Reached skill level 4 in Shields
   918 | D:2      | Found a faded altar of an unknown god.
  1044 | D:2      | Found a hide-covered altar of Uskayaw.
  1229 | D:2      | Reached skill level 4 in Maces & Flails
  1229 | D:2      | Reached XP level 4. HP: 17/40 MP: 3/3
  2065 | D:3      | Reached XP level 5. HP: 25/47 MP: 4/4
  2274 | D:3      | Reached skill level 5 in Maces & Flails
  2486 | D:4      | Noticed a lemure
  2487 | D:4      | Noticed a lemure
  2487 | D:4      | Noticed Pikel
  2490 | D:4      | Noticed a lemure
  2492 | D:4      | Noticed a lemure
  2502 | D:4      | Killed Pikel
  2503 | D:4      | Reached skill level 5 in Fighting
  2503 | D:4      | Reached skill level 7 in Maces & Flails
  2503 | D:4      | Reached skill level 5 in Armour
  2503 | D:4      | Reached XP level 6. HP: 44/57 MP: 5/5
  2503 | D:4      | Reached XP level 7. HP: 48/62 MP: 6/6
  2579 | D:4      | Noticed Ijyb
  2583 | D:4      | Killed Ijyb
  2584 | D:4      | Reached skill level 6 in Fighting
  2584 | D:4      | Reached skill level 6 in Armour
  2738 | D:4      | HP: 12/63 [gnoll/+1 whip of venom (4)]
  2738 | D:4      | HP: 4/63 [gnoll/+0 halberd (4)]
  2739 | D:4      | HP: 1/63 [poisoned by a gnoll]
  2739 | D:4      | Slain by a gnoll

Illustrated notes

Levels and vault maps discovered:
D:1:      lightli_molten_gateway, layout_basic, serial_shops, shop
D:2:      layout_basic, hellmonk_ecumenical_altar_pennies_from_heaven,
          basic_altar
D:3:      layout_basic
D:4:      layout_rooms, st_stairs_2, uniq_pikel, uniq_ijyb

Skill      XL: |  1  2  3  4  5  6  7 |
---------------+----------------------+-----
Maces & Flails | 3 4 7 |  7.5
Fighting       | 4 5 6 |  6.2
Armour         | 4 5 6 |  6.2
Shields        | 4 |  4.0

Action                     |  1- 3 |  4- 6 |  7- 9 || total
---------------------------+-------+-------+-------++-------
  Melee: Flail             |   101 |    43 |    43 ||   187
         Headbutt          |    15 |     5 |     5 ||    25
    Use: Potion            |       |     2 |       ||     2
 Armour: Scale mail        |    18 |       |       ||    18
         Chain mail        |    40 |    14 |    19 ||    73
  Dodge: Dodged            |    46 |    26 |    16 ||    88
  Block: Buckler           |    19 |    10 |     6 ||    35

Levels and vault maps discovered:
D:1:      lightli_molten_gateway, layout_basic, serial_shops, shop
D:2:      layout_basic, hellmonk_ecumenical_altar_pennies_from_heaven,
          basic_altar
D:3:      layout_basic
D:4:      layout_rooms, st_stairs_2, uniq_pikel, uniq_ijyb

Table legend: (Time is in decaauts)
 A = Elapsed time spent in this place.
 B = Non-inter-level travel time spent in this place.
 C = Inter-level travel time spent in this place.
 D = Time resting spent in this place.
 E = Time spent auto-exploring this place.
 F = Levels seen in this place.
 G = Mean time per level.
                   A        B        C        D        E       F      G
               +--------+--------+--------+--------+--------+-----+--------+
         Total |   2779 |   2703 |     76 |     86 |   2113 |   4 |  694.8 |
       Dungeon |   2779 |   2703 |     76 |     86 |   2113 |   4 |  694.8 |
               +--------+--------+--------+--------+--------+-----+--------+

Top non-repeatable levels by time:
     D:2: 993 daAuts
     D:1: 871 daAuts
     D:3: 657 daAuts
     D:4: 257 daAuts

Table legend:
 A = Kills in this place as a percentage of kills in the entire game.
 B = Kills by you in this place as a percentage of kills by you in the entire game.
 C = Kills by friends in this place as a percentage of kills by friends in the entire game.
 D = Other kills in this place as a percentage of other kills in the entire game.
 E = Experience gained in this place as a percentage of experience gained in the entire game.
 F = Experience gained in this place divided by the number of levels of this place that you have seen.
                   A       B       C       D       E      F
               +-------+-------+-------+-------+-------+----------------------
         Total | 100.0 | 100.0 |   N/A |   N/A | 100.0 | 286.8
       Dungeon | 100.0 | 100.0 |   N/A |   N/A | 100.0 | 286.8
               +-------+-------+-------+-------+-------+----------------------
